 Dungeon Crawl Stone Soup version 0.30.1-4-g462c640d31 (webtiles) character file.

Game seed: 2640607511167994733

191 Gab125 the Chopper (level 5, -5/47 HPs)
             Began as a Minotaur Berserker on Sept 3, 2023.
             Was a Priest of Trog.
             Slain by a kobold brigand
             ... wielding a +0 whip
              (7 damage)
             ... on level 4 of the Dungeon.
             The game lasted 00:12:11 (4313 turns).

Gab125 the Chopper (Minotaur Berserker)             Turns: 4313, Time: 00:12:12

Health: -5/47      AC:  2    Str: 24    XL:     5   Next: 41%
Magic:  4/4        EV: 12    Int:  4    God:    Trog [***...]
Gold:   290        SH:  0    Dex:  9    Spells: 4/4 levels left

rFire   . . .        a - +0 hand axe
rCold   . . .        (no shield)
rNeg    . . .        b - +0 animal skin
rPois   .            (helmet restricted)
rElec   .            (no cloak)
rCorr   .            (no gloves)
SInv    .            (no boots)
Will    .....        (no amulet)
Stlth   +            l - ring of flight
HPRegen 0.00/turn    (no ring)
MPRegen 0.09/turn

%: no passive effects
@: lethally poisoned (-5 -> -11), on berserk cooldown, flying, inhibited regen,
slowed, very slow
A: horns 2, retaliatory headbutt, inhibited regeneration
a: Renounce Religion, Berserk, Trog's Hand


You were on level 4 of the Dungeon.
You worshipped Trog.
Trog was most pleased with you.
You visited 1 branch of the dungeon, and saw 4 of its levels.

You collected 290 gold pieces.

Inventory:

Hand Weapons
 a - a +0 hand axe (weapon)
Armour
 b - a +0 animal skin (worn)
Jewellery
 f - a ring of poison resistance
 j - an amulet of faith
 l - a ring of flight (left hand)
 q - a ring of protection from cold
 r - a +6 ring of intelligence
 w - a ring of magical power
 x - a ring of ice
 y - a +6 ring of strength
Scrolls
 e - 4 scrolls of identify {unknown}
 g - a scroll of teleportation {unknown}
 h - 4 scrolls of immolation {unknown}
 i - a scroll of enchant weapon {unknown}
 k - a scroll of amnesia {unknown}
 m - 2 scrolls of magic mapping {unknown}
 o - a scroll of poison {unknown}
 s - a scroll of vulnerability {unknown}
 A - a scroll of fear {unknown}
Potions
 c - 2 potions of mutation
 n - 2 potions of curing {unknown}
 p - a potion of invisibility {unknown}
 t - 2 potions of berserk rage (quivered)
 u - a potion of lignification {unknown}
 v - a potion of magic {unknown}
 z - a potion of heal wounds {unknown}


   Skills:
 + Level 4.7 Fighting
 + Level 5.3 Axes
 + Level 3.0 Armour
 + Level 3.5 Dodging
 + Level 1.2 Stealth


You had 4 spell levels left.
You didn't know any spells.
Your spell library was empty.

Dungeon Overview and Level Annotations

Branches:
Dungeon (4/15)
 Temple: D:4-7

Altars:
Ru
Sif Muna
Uskayaw

Shops:
D:4 [


Innate Abilities, Weirdness & Mutations

You have a pair of horns on your head.
You reflexively headbutt those who attack you in melee.
You do not regenerate when monsters are visible.


Message History

Your butterfly dies!
Your butterfly disappears in a burst of colours!
It was a potion of mutation.
You feel extremely strange.
Your regeneration stops near monsters.
The kobold brigand throws a curare-tipped dart.
The curare-tipped dart hits you.
You are poisoned.
You have difficulty breathing.
* * * LOW HITPOINT WARNING * * *
You feel yourself slow down.
Unknown command.
Okay, then.
It was a potion of berserk rage.
A red film seems to cover your vision as you go berserk!
You feel yourself moving faster!
You feel mighty!
You feel sick.
You feel a strong urge to attack something.
You feel sick.
The kobold brigand throws a curare-tipped dart.
The curare-tipped dart hits you.
You are more poisoned.
You have difficulty breathing.
* * * LOW HITPOINT WARNING * * *
You feel as though you will be slow longer.
* * * LOW HITPOINT WARNING * * *
You feel sick.
The kobold brigand throws a curare-tipped dart.
The curare-tipped dart misses you.
You feel your anger nearly subside.
* * * LOW HITPOINT WARNING * * *
You feel sick.
You slash the kobold brigand! You headbutt the kobold brigand.
The kobold brigand is almost dead.
You are no longer berserk.
You are exhausted.
You feel as though you will be slow longer.
* * * LOW HITPOINT WARNING * * *
You feel sick.
The kobold brigand hits you with a +0 whip!
You die...

#.# ##.# #.# #. #.# #.#
################## #.# #.#
#................. #.#
#.########...#...#..)#...# #.#
#.....รทรท..................
#.# #..#######...#...#...#...#
#.# #..# #.................
#.# #..#######################
#.######........@K..$........#
#.
#.........#######.############
#. ###########
#........#######.
########......... ##########


You could see a kobold brigand.

Vanquished Creatures
  4 gnolls (D:4)
  5 adders
  A worm (D:4)
  4 dart slugs
  An orc (D:4)
  2 bats
  5 endoplasms
  3 giant cockroaches
  8 goblins
  19 hobgoblins
  12 jackals
  10 kobolds
  2 quokkas
  4 ball pythons
  2 frilled lizards
  3 rats
85 creatures vanquished.

Notes
Turn   | Place    | Note
-------+----------+-------------------------------------------
     0 | D:1      | Gab125 the Minotaur Berserker began the quest for the Orb.
     0 | D:1      | Reached XP level 1. HP: 19/19 MP: 0/0
   376 | D:1      | Reached skill level 4 in Axes
   376 | D:1      | Reached XP level 2. HP: 27/27 MP: 1/1
  1083 | D:2      | Reached XP level 3. HP: 29/33 MP: 2/2
  1281 | D:2      | Found a hide-covered altar of Uskayaw.
  1289 | D:2      | Reached ** piety under Trog
  1557 | D:2      | Reached skill level 1 in Stealth
  1557 | D:2      | Reached XP level 4. HP: 36/41 MP: 3/3
  2101 | D:3      | Found a sacrificial altar of Ru.
  3058 | D:4      | Found Pufreipn's Antique Armour Emporium.
  3248 | D:4      | Reached skill level 5 in Axes
  3251 | D:4      | Reached XP level 5. HP: 47/47 MP: 4/4
  3263 | D:4      | Reached *** piety under Trog
  3874 | D:4      | Found a shimmering blue altar of Sif Muna.
  4308 | D:4      | Gained mutation: You do not regenerate when monsters are
                  | visible. [potion of mutation]
  4313 | D:4      | HP: 2/47 [poisoned by a kobold brigand (curare-tipped
                  | dart)]
  4313 | D:4      | Slain by a kobold brigand

Illustrated notes

Levels and vault maps discovered:
D:1:      dpeg_arrival_concentric_ovals, layout_basic
D:2:      layout_rooms, basic_altar, minivault_24
D:3:      layout_basic, nicolae_ru_awakened_eye
D:4:      layout_loops_ring, lemuel_coloured_pillars_altar, serial_shops,
          shop_fountains

Skill      XL: |  1  2  3  4 |
---------------+-------------+-----
Axes           | 4 5 |  5.3
Fighting       | 4 |  4.7
Armour         | 3 |  3.0
Stealth        | 1 |  1.2
Dodging        | 3 |  3.5

Action                     |  1- 3 |  4- 6 || total
---------------------------+-------+-------++-------
  Melee: Hand axe          |   112 |   105 ||   217
         Headbutt          |    10 |    15 ||    25
         Punch             |     1 |     2 ||     3
 Invoke: Berserk           |     1 |       ||     1
    Use: Potion            |       |     2 ||     2
         Scroll            |       |     1 ||     1
   Stab: Sleeping          |     1 |       ||     1
 Armour: Animal skin       |    17 |    12 ||    29
  Dodge: Dodged            |    85 |    60 ||   145
